 Dungeon Crawl Stone Soup version 0.30-a0-643-g638baaf3f0 (webtiles) character file.

Game seed: 406499890477542579

44 tsouns the Ducker (level 3, -2/35 HPs)
             Began as a Gnoll Monk on Jan 17, 2023.
             Killed from afar by Ijyb (8 damage)
             ... with a puff of flame
             ... on level 3 of the Dungeon.
             The game lasted 00:02:35 (1307 turns).

tsouns the Ducker (Gnoll Monk)                      Turns: 1307, Time: 00:02:37

Health: -2/35      AC:  9    Str:  8 (10) XL:     3   Next: 62%
Magic:  4/4        EV: 11    Int:  9 (11) God:
Gold:   117        SH:  0    Dex: 11 (14) Spells: 3/3 levels left

rFire   . . .      SeeInvis .    a - +0 mace
rCold   . . .      Faith    .    (no shield)
rNeg    + . .      Spirit   .    i - +3 ring mail
rPois   .          Reflect  .    (no helmet)
rElec   .          Harm     .    h - +0 cloak
rCorr   .          Rampage  .    (no gloves)
Will    .....                    (no boots)
Stlth   ++                       (no amulet)
HPRegen 0.25/turn                k - ring of positive energy
MPRegen 0.09/turn                (no ring)

@: brilliant
A: fangs 1, strong nose, distributed training
a: no special abilities


You were on level 3 of the Dungeon.
You visited 1 branch of the dungeon, and saw 3 of its levels.

You collected 117 gold pieces.

Inventory:

Hand Weapons
 a - a +0 mace (weapon)
Missiles
 g - 4 javelins (quivered)
Armour
 b - a +0 robe
 h - a +0 cloak (worn)
 i - a +3 ring mail (worn)
Jewellery
 k - a ring of positive energy (left hand)
Scrolls
 e - a scroll of fog {unknown}


   Skills:
 + Level 6.5 Fighting
 + Level 0.9 Short Blades
 + Level 0.9 Long Blades
 + Level 0.9 Axes
 + Level 6.5 Maces & Flails
 + Level 0.9 Polearms
 + Level 0.9 Staves
 + Level 0.9 Ranged Weapons
 + Level 0.9 Throwing
 + Level 0.9 Armour
 + Level 6.5 Dodging
 + Level 4.2 Stealth
 + Level 0.9 Shields
 + Level 0.9 Unarmed Combat
 + Level 0.9 Spellcasting
 + Level 0.6 Conjurations
 + Level 0.6 Hexes
 + Level 0.6 Summonings
 + Level 0.6 Necromancy
 + Level 0.6 Translocations
 + Level 0.6 Transmutations
 + Level 0.6 Fire Magic
 + Level 0.6 Ice Magic
 + Level 0.6 Air Magic
 + Level 0.6 Earth Magic
 + Level 0.6 Poison Magic
 + Level 1.0 Invocations
 + Level 0.9 Evocations


You had 3 spell levels left.
You didn't know any spells.
Your spell library was empty.

Dungeon Overview and Level Annotations

Branches:
Dungeon (3/15)

Altars:

Shops:
D:2 (

Annotations:
D:3 Ijyb


Innate Abilities, Weirdness & Mutations

You have very sharp teeth.
Your uncanny sense of smell can sniff out nearby items.
Your experience applies equally to all skills.


Message History

You hit Ijyb but do no damage.
Ijyb is almost dead.
Ijyb hits you but does no damage.
You hit Ijyb but do no damage. Your bite misses Ijyb.
Ijyb is almost dead.
Ijyb hits you but does no damage.
You hit Ijyb but do no damage.
Ijyb is almost dead.
Ijyb hits you with a +0 club.
You hit Ijyb but do no damage.
Ijyb is almost dead.
Ijyb hits you but does no damage.
You hit Ijyb but do no damage.
Ijyb is almost dead.
Ijyb hits you but does no damage.
You barely miss Ijyb.
Ijyb is almost dead.
Ijyb zaps a wand.
The puff of flame hits you!
* * * LOW HITPOINT WARNING * * *
You aren't carrying any items that you can evoke.
You hit Ijyb but do no damage.
Ijyb is almost dead.
Ijyb hits you with a +0 club.
* * * LOW HITPOINT WARNING * * *
You completely miss Ijyb. Your bite misses Ijyb.
Ijyb is almost dead.
Ijyb closely misses you.
You hit Ijyb but do no damage. Your bite misses Ijyb.
Ijyb is almost dead.
Ijyb zaps a wand.
The puff of flame hits you but does no damage.
Ijyb hits you but does no damage.
You hit Ijyb but do no damage.
Ijyb is almost dead.
Ijyb hits you with a +0 club.
* * * LOW HITPOINT WARNING * * *
You hit Ijyb. You bite Ijyb, but do no damage.
Ijyb is almost dead.
Ijyb zaps a wand.
The puff of flame hits you!
You die...

∆ . #. .#
.. ∆#. ##
#.#
....#.g##
∆ #....@#
#.###<#
#.# #..
..## ###
∆


You could see Ijyb.

Vanquished Creatures
  2 worms (D:2)
  4 ball pythons
  2 endoplasms (D:1)
  6 goblins
  6 hobgoblins
  3 jackals (D:1)
  4 kobolds
  2 quokkas (D:2)
  4 bats
  A frilled lizard (D:1)
  2 rats (D:1)
36 creatures vanquished.

Notes
Turn   | Place    | Note
-------+----------+-------------------------------------------
     0 | D:1      | tsouns the Gnoll Monk began the quest for the Orb.
     0 | D:1      | Reached XP level 1. HP: 23/23 MP: 1/1
   208 | D:1      | Reached XP level 2. HP: 29/29 MP: 2/2
   716 | D:2      | Reached XP level 3. HP: 16/35 MP: 3/3
   836 | D:2      | Found Guocs's Weapon Boutique.
   930 | D:2      | Reached skill level 1 in Invocations
  1273 | D:3      | Noticed Ijyb
  1307 | D:3      | Killed from afar by Ijyb

Illustrated notes

Levels and vault maps discovered:
D:1:      dpeg_arrival_line_fractal, layout_loops_ring
D:2:      layout_rooms, serial_shops, nicolae_shop_stone,
          kennysheep_generic_room_7
D:3:      layout_loops_ring, old_standard_altar, nicolae_figureground_sparkle,
          uniq_ijyb

Skill      XL: |  1  2  3 |
---------------+----------+-----
Invocations    | 1 |  1.0
Fighting       | |  6.5
Short Blades   | |  0.9
Long Blades    | |  0.9
Axes           | |  0.9
Maces & Flails | |  6.5
Polearms       | |  0.9
Staves         | |  0.9
Ranged Weapons | |  0.9
Throwing       | |  0.9
Armour         | |  0.9
Dodging        | |  6.5
Stealth        | |  4.2
Shields        | |  0.9
Unarmed Combat | |  0.9
Spellcasting   | |  0.9
Conjurations   | |  0.6
Hexes          | |  0.6
Summonings     | |  0.6
Necromancy     | |  0.6
Translocations | |  0.6
Transmutations | |  0.6
Fire Magic     | |  0.6
Ice Magic      | |  0.6
Air Magic      | |  0.6
Earth Magic    | |  0.6
Poison Magic   | |  0.6
Evocations     | |  0.9

Action                   || total
-------------------------++-------
Melee: Mace              ||   127
       Bite              ||    11
       Punch             ||     1
  Use: Potion            ||     4
 Stab: Sleeping          ||     9
Armor: Robe              ||    18
       Ring mail         ||    23
Dodge: Dodged            ||    78

Table legend: (Time is in decaauts)
 A = Elapsed time spent in this place.
 B = Non-inter-level travel time spent in this place.
 C = Inter-level travel time spent in this place.
 D = Time resting spent in this place.
 E = Time spent auto-exploring this place.
 F = Levels seen in this place.
 G = Mean time per level.
                   A        B        C        D        E       F      G
               +--------+--------+--------+--------+--------+-----+--------+
         Total |   1315 |   1263 |     52 |      0 |    936 |   3 |  438.3 |
       Dungeon |   1315 |   1263 |     52 |      0 |    936 |   3 |  438.3 |
               +--------+--------+--------+--------+--------+-----+--------+

Top non-repeatable levels by time:
     D:1: 705 daAuts
     D:2: 574 daAuts
     D:3: 35 daAuts
